 Dungeon Crawl Stone Soup version 0.23.2-1-ga50397a6bc (webtiles) character file.

Game seed: 12148339061806847626

93 MisterOstroum the Skirmisher (level 4, -2/41 HPs)
             Began as a Minotaur Assassin on May 6, 2019.
             Slain by a gnoll
             ... wielding a +0 halberd
              (8 damage)
             ... on level 2 of the Dungeon.
             The game lasted 00:11:23 (1433 turns).

MisterOstroum the Skirmisher (Minotaur Assassin)    Turns: 1433, Time: 00:11:24

Health: -2/41      AC:  3    Str: 17    XL:     4   Next: 37%
Magic:  3/3        EV: 12    Int:  8    God:
Gold:   63         SH:  0    Dex: 11    Spells: 3/3 levels left

rFire    . . .     SeeInvis .   a - +2 dagger
rCold    . . .     Gourm    .   (no shield)
rNeg     . . .     Faith    .   c - +0 robe
rPois    .         Spirit   .   (helmet restricted)
rElec    .         Reflect  .   d - +0 cloak
rCorr    .         Harm     .   (no gloves)
MR       .....                  (no boots)
Stlth    ++........             (no amulet)
HPRegen  0.13/turn              (no ring)
MPRegen  0.08/turn              (no ring)

@: lethally poisoned (-2 -> -4)
A: retaliatory headbutt, horns 2
a: no special abilities


You were on level 2 of the Dungeon.
You were not hungry.

You visited 1 branch of the dungeon, and saw 2 of its levels.

You collected 63 gold pieces.

Inventory:

Hand Weapons
 a - a +2 dagger (weapon)
 b - a +0 blowgun
 h - a +0 hunting sling
Missiles
 f - 2 curare-tipped needles
 g - 7 poisoned needles
 j - 32 sling bullets
 n - 55 stones (quivered)
Armour
 c - a +0 robe (worn)
 d - a +0 cloak (worn)
Jewellery
 x - a +3 ring of protection {unknown}
Scrolls
 k - 2 scrolls of identify {unknown}
 o - 2 scrolls of fear {unknown}
 q - 2 scrolls of remove curse {unknown}
 r - a scroll of enchant weapon {unknown}
 s - a scroll of amnesia {unknown}
 u - 5 scrolls of teleportation {unknown}
 y - a scroll of enchant armour {unknown}
Potions
 i - a potion of lignification {unknown}
 l - a potion of cancellation {unknown}
 m - a potion of brilliance {unknown}
 p - a potion of haste {unknown}
 t - a potion of curing {unknown}
 w - a potion of might {unknown}
Comestibles
 e - 5 rations
 v - a chunk of flesh


   Skills:
 * Level 4.3 Fighting
 + Level 3.4 Short Blades
 + Level 2.6 Throwing
 - Level 1.1 Dodging
 - Level 3.2 Stealth


You had 3 spell levels left.
You didn't know any spells.
Your spell library was empty.

Dungeon Overview and Level Annotations

Branches:
Dungeon (2/15)

Altars:


Innate Abilities, Weirdness & Mutations

You reflexively headbutt those who attack you in melee.
You have a pair of horns on your head.


Message History

Throwing (i - inventory)
n - 46 stones (quivered)
Press: ? - help, Shift-Dir - straight line, f/p - hobgoblin
Aim: a hobgoblin You throw a stone.
The stone closely misses the hobgoblin.
Throwing (i - inventory)
n - 45 stones (quivered)
Press: ? - help, Shift-Dir - straight line, f/p - hobgoblin
Aim: a hobgoblin You throw a stone.
The stone closely misses the hobgoblin.
Throwing (i - inventory)
n - 44 stones (quivered)
Press: ? - help, Shift-Dir - straight line, f/p - hobgoblin
Aim: a hobgoblin You throw a stone.
The stone hits the hobgoblin but does no damage.
You hit the hobgoblin.
The hobgoblin is almost dead.
The hobgoblin misses you.
You hit the hobgoblin.
You kill the hobgoblin!
You butcher the bat corpse.
v - 2 chunks of flesh (gained 1)
You see here a bat skeleton. x2
Some of the chunks of flesh in your inventory have rotted away.
n - 44 stones (gained 1)
n - 45 stones (gained 1)
You butcher the rat corpse.
v - 2 chunks of flesh (gained 1)
You see here a rat skeleton. x2
There is an escape hatch in the ceiling here.
n - 47 stones (gained 2)
Found a hunting sling.
n - 48 stones (gained 1)
n - 49 stones (gained 1)
n - 50 stones (gained 1)
n - 51 stones (gained 1)
q - 2 scrolls labeled ZUDIV VASU (gained 1)
Found 22 arrows.
o - 2 scrolls labeled IRREAB GEHU (gained 1)
n - 52 stones (gained 1)
You now have 63 gold pieces (gained 12).
A kobold comes into view.
The kobold throws a stone.
The stone misses you.
You see here a stone.
The kobold throws a stone.
The stone hits you but does no damage.
You see here a stone.
The kobold misses you.
You closely miss the kobold. Your headbutt misses the kobold.
The kobold completely misses you. You furiously retaliate!
You headbutt the kobold!
You kill the kobold!
No target in view!
n - 53 stones (gained 1)
n - 54 stones (gained 1)
n - 56 stones (gained 2)
You open the door.
There is an open door here.
Found 20 bolts.
u - 5 scrolls labeled PIHUAJ FULL (gained 1)
A bat comes into view.
The bat hits you but does no damage.
You closely miss the bat. The bat barely misses you.
The bat hits you but does no damage.
You hit the bat.
The bat is severely wounded.
The bat hits you but does no damage. The bat barely misses you.
You furiously retaliate!
You headbutt the bat.
You kill the bat!
Eating one of 2 chunks of flesh.
You eat one of the 2 chunks of flesh.
This raw flesh tastes terrible.
An adder and a gnoll come into view.
The adder hisses angrily.
The gnoll shouts!
You hear a shout!
Throwing (i - inventory)
n - 56 stones (quivered)
Press: ? - help, Shift-Dir - straight line, f - adder
Aim: an adder You throw a stone.
The stone hits the adder.
The adder is moderately wounded.
You hear a shout!
A gnoll comes into view.
The adder bites you.
You are poisoned.
The adder poisons you!
You feel sick.
You hit the adder.
The adder is almost dead.
The adder bites you.
You miss the adder. Your headbutt misses the adder.
The adder is almost dead.
You feel sick. The adder bites you but does no damage.
The gnoll hits you from afar with a +0 halberd!
You hit the adder.
You kill the adder!
You feel sick. The gnoll closely misses you.
You hit the gnoll.
The gnoll is lightly wounded.
The gnoll hits you with a +0 halberd!
* * * LOW HITPOINT WARNING * * *
You hit the gnoll.
The gnoll is moderately wounded.
You feel sick. The gnoll hits you with a +0 halberd!
You die...

#........ #... .g
#.#.##..### #... ..
#.#.....#.# #.#. #.
#.#<.#....####.#.
#.
#.#..............
#g
#.#>.............
#(
#.#.#####.######.
.##.##.##.#.#.....#
#.
......gg@...##.####
#.
#########.#.....#
#. #.#.##.(# #.
###.#.....# #.
#.....###.########.
#.....#............
#.....#.#.#######..
#.....#.#.# #..
#.....#.#.# #..


You could see 2 gnolls.

Vanquished Creatures
  A worker ant (D:2)
  2 adders (D:2)
  An ooze (D:1)
  A dart slug (D:1)
  2 leopard geckos (D:2)
  A ball python (D:2)
  A giant cockroach (D:1)
  3 goblins (D:1)
  6 hobgoblins
  4 jackals (D:1)
  A quokka (D:2)
  5 bats
  3 frilled lizards
  5 kobolds
  7 rats
43 creatures vanquished.

Notes
Turn   | Place    | Note
-------+----------+-------------------------------------------
     0 | D:1      | MisterOstroum the Minotaur Assassin began the quest for the
                  | Orb.
     0 | D:1      | Reached XP level 1. HP: 18/18 MP: 0/0
   156 | D:1      | Reached skill level 3 in Fighting
   156 | D:1      | Reached XP level 2. HP: 26/26 MP: 1/1
   542 | D:1      | Reached XP level 3. HP: 29/31 MP: 2/2
  1322 | D:2      | Reached skill level 4 in Fighting
  1322 | D:2      | Reached XP level 4. HP: 40/40 MP: 3/3
  1433 | D:2      | Slain by a gnoll

Skill      XL: |  1  2  3 |
---------------+----------+-----
Fighting       | 3 4 |  4.3
Short Blades   | 3 |  3.4
Throwing       | |  2.6
Dodging        | |  1.1
Stealth        | |  3.2

Action                   |  1- 3 |  4- 6 || total
-------------------------+-------+-------++-------
Melee: Dagger            |    62 |    10 ||    72
       Headbutt          |    11 |       ||    11
 Fire: Blowgun           |    18 |       ||    18
Throw: Stone             |    28 |    11 ||    39
 Stab: Sleeping          |     4 |       ||     4
  Eat: Chunk             |     1 |     1 ||     2
Armor: Robe              |     8 |     6 ||    14
Dodge: Dodged            |    29 |     8 ||    37
